 Dungeon Crawl Stone Soup version 0.27-a0-1123-g2f9bb313c0 (webtiles) character file.

Game seed: 8184157837718429968

203 Zeld the Shield-Bearer (level 5, -5/38 HPs)
             Began as an Octopode Fighter on May 3, 2021.
             Was an Initiate of Okawaru.
             Slain by a wight
             ... wielding a +4 long sword
              (15 damage)
             ... on level 4 of the Dungeon.
             The game lasted 00:06:26 (4166 turns).

Zeld the Shield-Bearer (Octopode Fighter)           Turns: 4166, Time: 00:06:27

Health: -5/38      AC:  1    Str: 16    XL:     5   Next: 81%
Magic:  5/5        EV: 11    Int: 10    God:    Okawaru [......]
Gold:   27         SH:  9    Dex: 12    Spells: 4/4 levels left

rFire    . . .     SeeInvis .   a - +0 war axe
rCold    + . .     Faith    .   b - +0 kite shield
rNeg     . . .     Spirit   .   (helmet restricted)
rPois    .         Reflect  .   (no amulet)
rElec    .         Harm     .   i - ring of protection from cold
rCorr    .         Rampage  .   (no ring)
Will     .....                  (no ring)
Stlth    ++........             (no ring)
HPRegen  0.12/turn              (no ring)
MPRegen  0.09/turn              (no ring)
                                (no ring)
                                (no ring)

@: no status effects
A: almost no armour, amphibious, 8 rings, camouflage 1, gelatinous body 1,
(nimble swimmer 1), tentacles
a: Renounce Religion


You were on level 4 of the Dungeon.
You worshipped Okawaru.
Okawaru was noncommittal.
You visited 2 branches of the dungeon, and saw 5 of its levels.

You collected 79 gold pieces.
You spent 52 gold pieces at shops.

Inventory:

Hand Weapons
 a - a +0 war axe (weapon)
Armour
 b - a +0 kite shield (worn)
Jewellery
 i - a ring of protection from cold (left tentacle)
Scrolls
 e - a scroll of blinking
 k - a scroll of teleportation {unknown}
 m - a scroll of fear {unknown}
 p - a scroll of magic mapping {unknown}
Potions
 c - 2 potions of might
 d - a potion of invisibility {unknown}
 f - 2 potions of heal wounds {unknown}
 h - 2 potions of mutation {unknown}
 j - a potion of brilliance {unknown}
 l - 3 potions of haste {unknown}
 o - a potion of curing {unknown}
 q - 2 potions of flight {unknown}


   Skills:
 * Level 4.3 Fighting
 * Level 3.6 Axes
 - Level 3.0 Dodging
 * Level 4.3 Shields


You had 4 spell levels left.
You didn't know any spells.
Your spell library contained the following spells:

 Spells                   Type           Power      Damage    Failure   Level
 Summon Small Mammal      Summ           0%         N/A       83%         1
 Call Imp                 Summ           0%         N/A       92%         2
 Call Canine Familiar     Summ           0%         N/A       99%         3
 Summon Guardian Golem    Hex/Summ       0%         N/A       99%         3
 Summon Ice Beast         Ice/Summ       0%         N/A       100%        4
 Summon Lightning Spire   Summ/Air       0%         N/A       100%        4


Dungeon Overview and Level Annotations

Branches:
Dungeon (4/15)             Temple (1/1) D:4

Altars:
Ashenzari
Cheibriados
Elyvilon
Gozag
Hepliaklqana
Kikubaaqudgha
Nemelex Xobeh
Okawaru
Qazlal
Sif Muna
Trog
Uskayaw
Vehumet
Xom
The Shining One

Shops:
D:1 *


Innate Abilities, Weirdness & Mutations

You cannot wear most types of armour.
You are amphibious.
You can wear up to eight rings at the same time.
Your skin changes colour to match your surroundings (Stealth+).
Your rubbery body absorbs attacks. (AC +1, EV +1)
((You are camouflaged near water. (Stealth+)))
You have tentacles for arms and can constrict up to eight enemies at once.


Message History

The wight is lightly damaged.
You constrict the wight.
The wight hits you with a +0 trident! x2
* * * LOW HITPOINT WARNING * * *
You are too injured to fight recklessly!
You are too injured to fight recklessly!
You are too injured to fight recklessly!
You hit the wight.
The wight is severely damaged.
You constrict the wight. The wight barely misses you.
You hit the wight.
You destroy the wight!
Okawaru accepts your kill.
Your life force feels restored.
Things that are here:
a +0 trident; a +0 robe
There is a stone staircase leading up here.
You climb upwards.
There is a stone staircase leading down here.
You start resting.
You start resting.
HP restored.
Search for what [? for help]?
Okay, then.
Search for what [? for help]? hat Can't find anything matching that.
You climb downwards.
There is a stone staircase leading up here.
The wight hits you with a +4 long sword!
You slash the wight! Your grab misses the wight.
The wight is heavily damaged.
The wight closely misses you.
The wight hits you with a +4 long sword!
* * * LOW HITPOINT WARNING * * *
You are too injured to fight recklessly!
You are too injured to fight recklessly!
You closely miss the wight. Your grab misses the wight.
Your squeeze misses the wight.
The wight is heavily damaged.
The wight hits you with a +4 long sword!
You die...

#...# #.#.# #..?#
#.#.# #..(####.#.#
#........#..
#..#########
#......... #.########
########...<######.#
#.....?.....@z.....#
#......≈≈≈≈≈.[.....#
#....≈≈≈≈≈≈≈≈≈.....#
....≈≈≈≈≈≈≈≈≈≈≈≈≈.$.#
...≈≈≈≈≈≈≈≈≈≈≈≈≈≈≈..#
...≈≈≈≈≈≈...≈≈≈≈≈≈..#
..........>.≈≈≈≈≈≈..#
...≈≈≈≈≈≈.?.≈≈≈≈≈≈..#
#..≈≈≈≈≈≈≈≈≈≈≈≈≈...#


You could see a wight.

Vanquished Creatures
  2 wights (D:4)
  A centaur zombie (D:3)
  3 gnolls
  2 adders (D:3)
  An ufetubus (D:4)
  3 dart slugs (D:2)
  2 bats
  3 endoplasms
  5 goblins
  5 hobgoblins
  A quokka (D:1)
  2 ball pythons
  A frilled lizard (D:1)
  3 kobolds
  4 rats
38 creatures vanquished.

Notes
Turn   | Place    | Note
-------+----------+-------------------------------------------
     0 | D:1      | Zeld the Octopode Fighter began the quest for the Orb.
     0 | D:1      | Reached XP level 1. HP: 16/16 MP: 1/1
   402 | D:1      | Reached XP level 2. HP: 21/21 MP: 2/2
   539 | D:1      | Found a faded altar of an unknown god.
   564 | D:1      | Found Fexzuebiacw's General Store.
  1408 | D:2      | Reached XP level 3. HP: 12/26 MP: 3/3
  1760 | D:1      | Bought a scroll of identify for 26 gold pieces
  2203 | D:2      | Reached XP level 4. HP: 33/33 MP: 4/4
  2413 | D:3      | Found an opulent altar of Gozag.
  2499 | D:3      | Found a bloodstained altar of Trog.
  2787 | D:1      | Bought a scroll of identify for 26 gold pieces
  2930 | D:3      | Reached XP level 5. HP: 32/37 MP: 5/5
  3099 | D:3      | Found a glowing golden altar of the Shining One.
  3236 | D:4      | Found a staircase to the Ecumenical Temple.
  3251 | Temple   | Entered the Ecumenical Temple
  3261 | Temple   | Became a worshipper of Warmaster Okawaru
  4166 | D:4      | Slain by a wight

Illustrated notes

Levels and vault maps discovered:
D:1:      kennysheep_arrival_forest, layout_basic, serial_shops,
          nicolae_shop_statue_plus, chequers_ecumenical_altar_grove,
          corexii_corridor_pit, chequers_decorated_corner
D:2:      layout_basic, item_on_display_a
D:3:      layout_basic, old_standard_altar, tso_oasis_becter,
          nicolae_gozag_seed_capital
D:4:      layout_basic, temple_pool_b
Temple:   nicolae_temple_x_marks_the_god

Skill      XL: |  1  2  3  4 |
---------------+-------------+-----
Axes           | 3 |  3.6
Fighting       | 4 |  4.3
Shields        | 4 |  4.3
Dodging        | |  3.0

Action                   |  1- 3 |  4- 6 || total
-------------------------+-------+-------++-------
Melee: War axe           |    41 |    35 ||    76
       Constrict         |    11 |     8 ||    19
       Tentacles         |    10 |     4 ||    14
  Use: Scroll            |       |     3 ||     3
 Stab: Sleeping          |     2 |     1 ||     3
Armor: Skin              |     2 |     2 ||     4
Dodge: Dodged            |    24 |    21 ||    45
Block: Kite shield       |    29 |    21 ||    50

Table legend: (Time is in decaauts)
 A = Elapsed time spent in this place.
 B = Non-inter-level travel time spent in this place.
 C = Inter-level travel time spent in this place.
 D = Time resting spent in this place.
 E = Time spent auto-exploring this place.
 F = Levels seen in this place.
 G = Mean time per level.
                   A        B        C        D        E       F      G
               +--------+--------+--------+--------+--------+-----+--------+
         Total |   4215 |   3999 |    216 |    982 |   2502 |   5 |  843.0 |
       Dungeon |   3765 |   3556 |    209 |    636 |   2419 |   4 |  941.2 |
        Temple |    450 |    443 |      7 |    346 |     83 |   1 |  450.0 |
               +--------+--------+--------+--------+--------+-----+--------+

Top non-repeatable levels by time:
     D:2: 1285 daAuts
     D:1: 1119 daAuts
     D:3: 1082 daAuts
  Temple: 450 daAuts
     D:4: 277 daAuts
